 Dungeon Crawl Stone Soup version 0.27-a0-1319-geec4fb4e21 (webtiles) character file.

Game seed: 9648176180457611848

43052 soylentgreeen202 the Severer (level 13, -1/111 HPs)
             Began as a Pale Draconian Chaos Knight on June 14, 2021.
             Was a Plaything of Xom.
             Slain by an orc warrior (15 damage)
             ... led by an orc knight
             ... while paralysed by an orc sorcerer
             ... on level 1 of the Orcish Mines on June 21, 2021.
             The game lasted 02:42:26 (22273 turns).

soylentgreeen202 the Severer (DrCK)                Turns: 22273, Time: 02:42:27

Health: -1/111     AC:  7    Str: 14    XL:     13   Next: 88%
Magic:  16/17      EV:  2    Int: 12    God:    Xom [..*...]
Gold:   489        SH:  0    Dex: 13    Spells: 15/18 levels left

rFire    + + .     SeeInvis .   a - +2 broad axe (drain)
rCold    + . .     Faith    .   L - +2 buckler {AC+3}
rNeg     . . .     Spirit   .   (armour unavailable)
rPois    .         Reflect  .   (helmet restricted)
rElec    .         Harm     .   p - scarf {rC+ rF+}
rCorr    .         Rampage  .   X - +2 pair of gloves
Will     .....                  w - +0 pair of boots
Stlth    ++........             I - amulet "Kinan" {RegenMP +Inv Regen+}
HPRegen  1.28/turn              V - ring of protection from fire
MPRegen  0.40/turn              H - +4 ring of protection

@: paralysed, wereblooded, corroded, unable to read, cleaving, flying
A: breathe steam, AC +8, unfitting armour, cold-blooded, steam resistance, big
wings, talons 1, large bone plates 1, camouflage 1, clumsy 1, deterioration 2,
dopey 1, mutation resistance 1, no potion heal 1, inability to read while
threatened
a: Breathe Steam, Renounce Religion, Evoke Invisibility


You were on level 1 of the Orcish Mines.
You worshipped Xom.
You were a toy of Xom.
You visited 3 branches of the dungeon, and saw 19 of its levels.
You also visited: Trove.

You collected 1827 gold pieces.
You spent 1338 gold pieces at shops.

Inventory:

Hand Weapons
 a - a +2 broad axe of draining (weapon)
 c - a +1 spear of freezing
 C - a +4 fustibalus of chaos
 M - a +1 hunting sling of freezing
 N - a +4 halberd of freezing
 Z - a +2 hand axe of chaos
Missiles
 e - 2 throwing nets
 k - 5 boomerangs of dispersal
 t - 37 poisoned darts (quivered)
 E - 79 sling bullets
Armour
 p - a scarf of resistance (worn)
 w - a +0 pair of boots (worn)
 B - a +2 cloak of poison resistance
 L - a +2 buckler of protection (worn)
 X - a +2 pair of gloves (worn)
Jewellery
 f - a ring of see invisible
 j - a ring of protection from cold
 H - a +4 ring of protection (right hand)
 I - the amulet "Kinan" (around neck) {RegenMP +Inv Regen+}
   (Xom gifted it to you on level 8 of the Dungeon)

   [amulet of magic regeneration]

   It increases your rate of magic regeneration.
   It lets you turn invisible.
   It increases your rate of health regeneration.
 V - a ring of protection from fire (left hand)
Wands
 n - a wand of mindburst (10)
 o - a wand of flame (11)
 s - a wand of iceblast (14)
 P - a wand of polymorph (22)
 U - a wand of paralysis (11)
Scrolls
 b - 4 scrolls of holy word
 g - 7 scrolls of amnesia
 h - 11 scrolls of identify
 l - 2 scrolls of silence
 r - 4 scrolls of immolation
 u - 3 scrolls of fear
 y - 2 scrolls of noise
 A - 2 scrolls of fog
 Q - 5 scrolls of teleportation
 S - 3 scrolls of magic mapping
 Y - a scroll of summoning
Potions
 d - a potion of mutation {unknown}
 i - 4 potions of flight
 m - 6 potions of attraction
 q - 3 potions of brilliance
 x - 2 potions of lignification
 z - a potion of resistance
 D - 2 potions of might
 G - a potion of cancellation
 J - a potion of haste
 K - a potion of invisibility
 O - a potion of berserk rage
 R - a potion of magic


   Skills:
 - Level 9.2 Fighting
 + Level 15.1 Axes
 - Level 7.1 Slings
 - Level 11.0 Dodging
 - Level 4.0 Shields
 - Level 3.1 Spellcasting
 - Level 7.0 Transmutations
 - Level 5.0 Evocations


You had 15 spell levels left.
You knew the following spells:

 Your Spells              Type           Power      Damage    Failure   Level
a - Beastly Appendage     Tmut           36%        N/A       1%          1
b - Wereblood             Tmut           18%        N/A       1%          2

Your spell library contained the following spells:

 Spells                   Type           Power      Damage    Failure   Level
 Sting                    Tmut/Pois      40%        1d5       6%          1
 Spider Form              Tmut/Pois      5%         N/A       17%         3
 Corona                   Hex            1%         N/A       24%         1
 Freeze                   Ice            4%         1d3       24%         1
 Summon Small Mammal      Summ           4%         N/A       24%         1
 Ignite Poison            Fire/Tmut/Pois 7%         N/A       28%         3
 Call Imp                 Summ           1%         N/A       36%         2
 Poisonous Vapours        Pois/Air       2%         N/A       36%         2
 Slow                     Hex            1%         N/A       36%         2
 Ice Form                 Ice/Tmut       10%        N/A       50%         4
 Call Canine Familiar     Summ           1%         N/A       58%         3
 Conjure Flame            Conj/Fire      1%         6-21      58%         3
 Frozen Ramparts          Ice            2%         1d2       58%         3
 Inner Flame              Hex/Fire       1%         N/A       58%         3
 Mephitic Cloud           Conj/Pois/Air  1%         N/A       58%         3
 Portal Projectile        Hex/Tloc       2%         N/A       58%         3
 Summon Guardian Golem    Hex/Summ       1%         N/A       58%         3
 Teleport Other           Tloc           1%         N/A       58%         3
 Cause Fear               Hex            0%         N/A       94%         4
 Leda's Liquefaction      Hex/Erth       0%         N/A       94%         4
 Olgreb's Toxic Radiance  Pois           1%         N/A       94%         4
 Summon Ice Beast         Ice/Summ       1%         N/A       94%         4
 Summon Lightning Spire   Summ/Air       1%         N/A       94%         4
 Fireball                 Conj/Fire      0%         3d3       100%        5
 Freezing Cloud           Conj/Ice/Air   0%         6-21      100%        5
 Manifold Assault         Tloc           1%         N/A       100%        5
 Dispersal                Tloc           0%         N/A       100%        6
 Starburst                Conj/Fire      0%         8x6d3     100%        6
 Ignition                 Fire           0%         3d3       100%        8


Dungeon Overview and Level Annotations

Branches:
Dungeon (12/15)            Temple (0/1) D:4            Lair (5/6) D:9
  Swamp (0/4) Lair:2        Snake (0/4) Lair:3          Orc (2/2) D:11
    Elf (0/3) Orc:2
  Slime: Lair:5-6

Altars:
Fedhas
Gozag
Kikubaaqudgha
Makhleb
Qazlal
Ru
Trog
Uskayaw
Vehumet
Xom
Yredelemnul
Zin
The Shining One
Beogh

Shops:
D:6 *=   D:11 *   Orc:1 [   Orc:2 (?([

Annotations:
D:8 1 runed translucent door
D:10 2 runed translucent doors, lunkers's ghost, journeyman FoEE
Lair:2 2 exclusions
Orc:1 Fannar


Innate Abilities, Weirdness & Mutations

You can breathe blasts of scalding, opaque steam.
Your pale cyan-grey scales are hard. (AC +8)
You cannot fit into any form of body armour.
You are cold-blooded and may be slowed by cold attacks.
You are immune to the effects of steam.
Your large and strong wings let you fly.
You have sharp toenails.
You are partially covered in large bone plates. (SH +4)
Your skin changes colour to match your surroundings (Stealth+).
You are clumsy. (Dex -2)
Your body often deteriorates upon taking damage.
You are dopey. (Int -2)
You are somewhat resistant to further mutation.
Potions are less effective at restoring your health.
You sometimes lose the ability to read scrolls when taking damage.


Message History

You slash the orc sorcerer! You hit the orc warrior.
You block the orc warrior's attack.
The orc sorcerer hits you but does no damage.
The orc knight hits you with a +0 bardiche!!
You feel threatened and lose the ability to read scrolls!
Casting: Wereblood (safe; 1% risk of failure)
Confirm with . or Enter, or press ? or * to list all spells.
Your blood is infused with primal strength.
Xom grants you insight.
You detect items!
The rust devil hits you. The rust devil corrodes you!
The orc warrior misses you. The orc sorcerer misses you.
You block the orc knight's attack.
The orc warrior hits you with a +0 scimitar!
You hit the orc knight but do no damage.
You drain the orc knight.
The orc knight is lightly wounded.
You hit the rust devil but do no damage.
You hit the orc warrior. You drain the orc warrior. You hit the orc sorcerer.
You drain the orc sorcerer. You barely miss the orc warrior.
You block the rust devil's attack.
The orc warrior hits you with a +0 battleaxe!!
The orc sorcerer gestures at you while chanting.
You suddenly lose the ability to move!
Fannar casts a spell.
Fannar blinks!
The orc knight hits you with a +0 bardiche.
The orc warrior hits you with a +0 scimitar!
* * * LOW HITPOINT WARNING * * *
The rust devil hits you.
* * * LOW HITPOINT WARNING * * *
The rust devil corrodes you!
The orc sorcerer hits you but does no damage.
The orc warrior hits you but does no damage.
The orc knight barely misses you.
The orc warrior hits you with a +0 scimitar!
* * * LOW HITPOINT WARNING * * *
The rust devil hits you. The rust devil corrodes you!
The orc warrior hits you with a +0 battleaxe!
You die...
Xom cackles wildly!

#...........#
.#...........
..§.........##
.......#.#.#.##
..............#
∆ ∆
.>.......#....#
......ooo$....#
.....ho@).....#
......4......##
...........>.#
.............#
........$.....#
#.....#..#.#.##
##############


You could see an orc knight (drained), a rust devil (summoned), a warg, an orc
sorcerer (strong, drained) and 2 orc warriors.

Vanquished Creatures
  Kirke (Lair:4)
  An orc warlord (D:11)
  An ettin (Orc:2)
  7 hydras
  A two-headed ogre (D:10)
  3 oklob plants (Lair:5)
  An orc knight (Orc:2)
  9 orc sorcerers
  An ugly thing (D:11)
  A torpor snail (Lair:1)
  A black mamba (Lair:3)
  5 cane toads
  The ghost of HendSelp the Chopper, a novice HuFi of Jiyva (D:5)
  A rime drake (Lair:4)
  9 komodo dragons
  A yaktaur (Lair:5)
  3 trolls
  A polar bear (Lair:2)
  2 slime creatures (D:12)
  A hornet (D:7)
  A meliai zombie (D:11)
  8 blink frogs (Lair:3)
  42 yaks
  4 wyverns
  Sigmund (D:2)
  A vampire (D:8)
  2 shadows
  3 wraiths
  4 basilisks
  A basilisk (shapeshifter) (D:9)
  A human (D:7)
  A golden eye (Lair:3)
  A steam dragon (D:12)
  4 hogs (D:7)
  7 vampire mosquitoes
  10 wargs
  15 water moccasins
  2 acid dragons
  6 black bears
  12 orc warriors
  A sky beast (D:7)
  An ice beast (D:4)
  8 ogres
  6 centaurs
  2 phantoms (D:6)
  13 bullfrogs
  2 kobold brigands
  A gnoll sergeant (D:9)
  A water moccasin zombie (D:5)
  A scorpion (D:4)
  12 killer bees
  9 wights (D:9)
  2 howler monkeys
  4 centaur zombies
  A jelly (D:4)
  A hound (D:6)
  A bullfrog skeleton (D:6)
  11 orc priests
  An iguana (D:6)
  Natasha (thrice) (D:3)
  32 orc wizards
  A hound zombie (D:5)
  A hound skeleton (D:4)
  Robin (D:3)
  5 gnolls
  4 adders
  A howler monkey skeleton (D:6)
  A howler monkey zombie (D:9)
  A white imp (D:6)
  An adder skeleton (D:4)
  2 worms
  2 dart slugs
  70 orcs
  An endoplasm (D:3)
  A giant cockroach (D:2)
  20 goblins
  10 hobgoblins
  4 jackals (D:4)
  3 quokkas
  4 ball pythons
  3 bats
  4 frilled lizards
  15 kobolds
  4 rats
449 creatures vanquished.

Vanquished Creatures (collateral kills)
  4 blink frogs (Lair:3)
  A bullfrog (D:6)
  A white imp (D:6)
  An orc (Orc:2)
  3 goblins (D:3)
  A hobgoblin (D:3)
11 creatures vanquished.

Vanquished Creatures (others)
  A centaur (D:12)
  49 fungi
  56 plants
106 creatures vanquished.

Grand Total: 566 creatures vanquished

Notes
Turn   | Place    | Note
-------+----------+-------------------------------------------
     0 | D:1      | soylentgreeen202 the Draconian Chaos Knight began the quest
                  | for the Orb.
     0 | D:1      | Reached XP level 1. HP: 19/19 MP: 1/1
   338 | D:1      | You fall into a shaft and drop 1 floor!
   406 | D:2      | XOM: silly message
   464 | D:2      | Reached XP level 2. HP: 26/26 MP: 2/2
   523 | D:2      | XOM: silly message
   827 | D:1      | Reached skill level 4 in Axes
  1183 | D:1      | XOM: butterfly on damage
  1189 | D:1      | Reached XP level 3. HP: 24/31 MP: 3/3
  1509 | D:2      | Found a faded altar of an unknown god.
  1523 | D:2      | You fall into a shaft and drop 1 floor!
  1658 | D:2      | Noticed Sigmund
  1664 | D:2      | XOM: divination: magic mapping
  1672 | D:2      | Killed Sigmund
  1673 | D:2      | Reached skill level 6 in Axes
  1673 | D:2      | Reached XP level 4. HP: 22/38 MP: 4/4
  1673 | D:2      | Reached XP level 5. HP: 26/45 MP: 5/5
  1700 | D:2      | XOM: cloud trail
  2124 | D:2      | XOM: cloud trail
  2451 | D:3      | XOM: smoke on damage
  2459 | D:3      | XOM: cast spell 'Discord'
  2662 | D:3      | Noticed Robin
  2670 | D:3      | Killed Robin
  2878 | D:3      | XOM: cloud trail
  2894 | D:3      | Noticed Natasha
  2901 | D:3      | Killed Natasha
  2902 | D:3      | Reached XP level 6. HP: 47/51 MP: 6/6
  2938 | D:3      | XOM: smoke on damage
  3011 | D:3      | XOM: 7-stop teleportation journey
  3068 | D:3      | Noticed Natasha
  3079 | D:3      | XOM: summons 2 friendly demons
  3086 | D:3      | Killed Natasha
  3148 | D:3      | XOM: divination: detect items
  3356 | D:3      | Noticed Natasha
  3360 | D:3      | XOM: fog
  3362 | D:3      | Killed Natasha
  3363 | D:3      | Reached skill level 7 in Axes
  3379 | D:3      | XOM: scenery: summon butterflies
  4221 | D:4      | XOM: divination: detect creatures
  4343 | D:4      | Learned a level 1 spell: Beastly Appendage
  4346 | D:4      | Learned a level 2 spell: Wereblood
  4492 | D:4      | XOM: noise
  4493 | D:4      | Reached skill level 1 in Spellcasting
  4493 | D:4      | Your scales start taking on a pale cyan-grey colour.
  4493 | D:4      | Reached XP level 7. HP: 55/57 MP: 5/8
  4493 | D:4      | Gained mutation: You are immune to the effects of steam.
                  | [Pale Draconian growth]
  4543 | D:4      | XOM: cloud trail
  4547 | D:4      | Found a glowing golden altar of the Shining One.
  4547 | D:4      | XOM: 8-stop teleportation journey
  4789 | D:4      | XOM: divination: magic mapping
  4790 | D:4      | XOM: potion effect (brilliance)
  4848 | D:4      | XOM: 2-stop teleportation journey
  4933 | D:4      | Found a staircase to the Ecumenical Temple.
  4963 | D:4      | XOM: silly message
  5128 | D:4      | Identified Sif Muna's Almanac of the Snowflakes and the
                  | Compass
  5267 | D:5      | Entered Level 5 of the Dungeon
  5318 | D:4      | XOM: god gift: scroll labelled KUOXYTRESS {god gift}
  5401 | D:4      | Reached skill level 1 in Shields
  5556 | D:4      | XOM: give mutations
  5556 | D:4      | Gained mutation: Your muscles are strong. (Str +2) [Xom's
                  | grace]
  5556 | D:4      | Gained mutation: You have an increased reservoir of magic.
                  | (+10% MP) [Xom's grace]
  5556 | D:4      | Gained mutation: Your skin changes colour to match your
                  | surroundings (Stealth+). [Xom's grace]
  5556 | D:4      | Gained mutation: You evolve. [Xom's grace]
  5849 | D:5      | XOM: cleaving
  5850 | D:5      | XOM: fake destruction
  5919 | D:5      | Found a runed translucent gate.
  5919 | D:5      | Found a runed translucent gate.
  5919 | D:5      | Found a runed translucent gate.
  5919 | D:5      | Noticed HendSelp's ghost (novice HuFi)
  6407 | D:5      | Found a basalt altar of Yredelemnul.
  6416 | D:5      | Reached XP level 8. HP: 61/63 MP: 14/14
  6438 | D:5      | Learned a level 2 spell: Wereblood
  6456 | D:5      | Killed HendSelp's ghost
  6567 | D:5      | XOM: scenery: create altars
  6603 | D:6      | You fall into a shaft and drop 1 floor!
  6771 | D:7      | XOM: god gift: +2 fustibalus of chaos
  6805 | D:7      | XOM: god gift: glowing blue potion {god gift}
  6823 | D:7      | Reached skill level 5 in Transmutations
  7029 | D:7      | XOM: 3-stop teleportation journey
  7071 | D:6      | XOM: summons 2 friendly demons
  7277 | D:6      | XOM: fog
  7395 | D:6      | XOM: confuse monster(s)
  7397 | D:6      | XOM: smoke on damage
  7436 | D:6      | XOM: cleaving
  7439 | D:6      | XOM: 1-stop teleportation journey
  7453 | D:6      | XOM: confuse monster(s)
  7493 | D:6      | XOM: scenery: 2 doors open
  7567 | D:6      | Identified a scroll of acquirement
  7567 | D:6      | Acquired a +1 cloak of poison resistance
  7599 | D:6      | Found Eqip's Jewellery Emporium.
  7617 | D:6      | Found Zin's Purification Station.
  7620 | D:6      | Found a glowing silver altar of Zin.
  7757 | D:6      | Reached XP level 9. HP: 70/70 MP: 13/15
  7770 | D:6      | Reached skill level 8 in Axes
  7869 | D:7      | Found a radiant altar of Vehumet.
  8108 | D:7      | XOM: give mutations
  8108 | D:7      | Gained mutation: You possess an exceptional clarity of
                  | mind. [Xom's grace]
  8108 | D:7      | Gained mutation: Your large and strong wings let you fly.
                  | [Xom's grace]
  8108 | D:7      | Gained mutation: You have a pair of small horns on your
                  | head. [Xom's grace]
  8108 | D:7      | Gained mutation: Your muscles are very strong. (Str +4)
                  | [Xom's grace]
  8287 | D:7      | XOM: god gift: rapier {god gift}
  8318 | D:7      | XOM: 5-stop teleportation journey
  8362 | D:7      | XOM: give mutation
  8362 | D:7      | Gained mutation: Your spells are a little harder to cast,
                  | but a little more powerful. [Xom's grace]
  8570 | D:7      | XOM: divination: detect creatures
  8574 | D:7      | Reached skill level 9 in Axes
  8576 | D:7      | XOM: summons friendly crimson imp
  8582 | D:7      | Reached skill level 10 in Axes
  8834 | D:7      | XOM: god gift: 28 gold pieces
  8929 | D:7      | Lost mutation: You have a pair of small horns on your head.
                  | [evolution]
  9011 | D:6      | Bought a +4 ring of protection for 504 gold pieces
  9231 | D:8      | XOM: cleaving
  9233 | D:8      | XOM: 2-stop teleportation journey
  9497 | D:8      | Found a runed translucent door.
  9497 | D:8      | Noticed a cyclops
  9497 | D:8      | Noticed a boulder beetle
  9497 | D:8      | Noticed a cyclops
  9499 | D:8      | Noticed an orc knight
  9499 | D:8      | Noticed a fire dragon
  9499 | D:8      | Noticed a fire crab
  9499 | D:8      | Noticed a green ugly thing
  9656 | D:8      | Identified the amulet "Kinan" {RegenMP +Inv Regen+} (Xom
                  | gifted it to you on level 8 of the Dungeon)
  9656 | D:8      | XOM: god gift: amulet "Kinan" {RegenMP +Inv Regen+}
  9755 | D:8      | Reached skill level 11 in Axes
  9784 | D:8      | XOM: fog
  9785 | D:8      | XOM: summons 2 friendly demons
  9787 | D:8      | XOM: enchant monster (good)
  9792 | D:8      | Reached XP level 10. HP: 77/77 MP: 16/16
  9802 | D:8      | XOM: fake destruction
  9869 | D:8      | XOM: give mutation
  9869 | D:8      | Lost mutation: Your muscles are very strong. (Str +4)
                  | [Xom's mischief]
  9951 | D:8      | XOM: god gift: 23 stones
  9967 | D:8      | XOM: noise
 10130 | D:8      | Noticed an eight-headed hydra
 10378 | D:9      | Found a hide-covered altar of Uskayaw.
 10382 | D:9      | Found a bloodstained altar of Trog.
 10382 | D:9      | Found a blossoming altar of Fedhas.
 10382 | D:9      | Found a stormy altar of Qazlal.
 10382 | D:9      | Found a sacrificial altar of Ru.
 10382 | D:9      | Found a burning altar of Makhleb.
 10383 | D:9      | Found an opulent altar of Gozag.
 10398 | D:9      | XOM: silly message
 10404 | D:9      | Reached skill level 12 in Axes
 10413 | D:9      | XOM: scenery: summon butterflies
 10418 | D:9      | XOM: noise
 10428 | D:9      | XOM: swap monsters
 10635 | D:9      | XOM: summons 1 hostile demon
 10721 | D:9      | Reached skill level 13 in Axes
 10749 | D:9      | Found a staircase to the Lair.
 10773 | D:9      | XOM: enchant monster (bad)
 10779 | D:9      | XOM: confuse monster(s)
 10781 | D:9      | XOM: swap monsters
 10800 | D:8      | XOM: divination: detect creatures
 11064 | D:9      | XOM: potion effect (haste)
 11150 | D:9      | XOM: divination: detect creatures
 11158 | D:9      | XOM: divination: magic mapping
 11377 | D:9      | Found an ancient bone altar of Kikubaaqudgha.
 11385 | D:9      | XOM: silly message
 11421 | D:9      | XOM: divination: detect creatures
 11425 | D:9      | XOM: silly message
 11442 | D:9      | XOM: potion effect (invisibility)
 11554 | Lair:1   | Entered Level 1 of the Lair of Beasts
 11608 | Lair:1   | XOM: enchant monster (good)
 11673 | Lair:1   | Reached XP level 11. HP: 79/82 MP: 17/17
 11715 | Lair:1   | XOM: noise
 11779 | Lair:1   | Reached skill level 5 in Dodging
 11793 | Lair:1   | Reached skill level 5 in Fighting
 12015 | Lair:1   | XOM: divination: magic mapping
 12017 | Lair:1   | Noticed an eight-headed hydra
 12041 | Lair:1   | XOM: silly message
 12081 | Lair:1   | XOM: silly message
 12090 | Lair:1   | XOM: divination: detect creatures
 12105 | Lair:1   | XOM: potion effect (curing)
 12209 | D:9      | Upgraded the game from 0.27-a0-1287-gca74d27db6 to
                  | 0.27-a0-1301-g128193abf8
 12403 | Lair:1   | XOM: butterfly on damage
 12409 | Lair:1   | Reached skill level 14 in Axes
 12486 | Lair:1   | XOM: silly message
 12910 | Lair:1   | XOM: give mutation
 12910 | Lair:1   | Gained mutation: You expend magic power (3 MP) to
                  | strengthen your wands. [Xom's grace]
 13127 | Lair:1   | XOM: summons 8 friendly demons
 13133 | Lair:1   | Reached skill level 1 in Evocations
 13142 | Lair:2   | XOM: enchant monster (good)
 13199 | Lair:2   | XOM: cast spell 'Chain of Chaos'
 13228 | Lair:2   | Found a staircase to the Swamp.
 13347 | Lair:2   | XOM: give mutations
 13347 | Lair:2   | Lost mutation: You evolve. [Xom's grace]
 13347 | Lair:2   | Gained mutation: You are somewhat resistant to further
                  | mutation. [Xom's grace]
 13347 | Lair:2   | Gained mutation: You are somewhat resistant to both further
                  | mutation and mutation removal. [Xom's grace]
 13347 | Lair:2   | Gained mutation: You are partially covered in large bone
                  | plates. (SH +4) [Xom's grace]
 13497 | Lair:2   | XOM: god gift: shortbow {god gift}
 13998 | Lair:2   | XOM: cleaving
 14412 | Lair:3   | Found a staircase to the Snake Pit.
 14648 | Lair:3   | Reached skill level 5 in Evocations
 14669 | Lair:3   | Noticed an eight-headed hydra
 14675 | Lair:3   | XOM: fog
 14690 | Lair:3   | XOM: 3-stop teleportation journey
 14877 | Lair:3   | XOM: summons 2 friendly demons
 15001 | Lair:3   | Noticed a seven-headed hydra
 15052 | Lair:3   | Killed a seven-headed hydra
 15237 | Lair:3   | XOM: summons 6 friendly demons
 15240 | Lair:3   | Reached XP level 12. HP: 92/93 MP: 18/18
 15257 | Lair:3   | XOM: cloud trail
 15291 | Lair:3   | Killed an eight-headed hydra
 15443 | Lair:3   | XOM: enchant monster (good)
 16258 | Lair:3   | Upgraded the game from 0.27-a0-1301-g128193abf8 to
                  | 0.27-a0-1308-gc08437e49b
 16355 | Lair:4   | XOM: 10-stop teleportation journey
 16364 | Lair:4   | Noticed a four-headed hydra
 16364 | Lair:4   | XOM: enchant monster (good)
 16388 | Lair:4   | Killed a four-headed hydra
 16514 | Lair:4   | XOM: scenery: summon butterflies
 16580 | Lair:4   | Noticed Kirke
 16585 | Lair:4   | XOM: confuse monster(s)
 16590 | Lair:4   | Killed Kirke
 16591 | Lair:4   | Reached skill level 10 in Dodging
 16648 | Lair:4   | XOM: god gift: scroll of enchant armour
 16658 | Lair:4   | Noticed a seven-headed hydra
 16665 | Lair:4   | Killed a nine-headed hydra
 16742 | Lair:4   | XOM: give mutations
 16742 | Lair:4   | Gained mutation: You occasionally shout uncontrollably at
                  | your foes. [Xom's mischief]
 16742 | Lair:4   | Lost mutation: You have an increased reservoir of magic.
                  | (+10% MP) [Xom's mischief]
 16742 | Lair:4   | Lost mutation: Your spells are a little harder to cast, but
                  | a little more powerful. [Xom's mischief]
 16742 | Lair:4   | Lost mutation: You occasionally shout uncontrollably at
                  | your foes. [Xom's mischief]
 16938 | Lair:4   | XOM: summons 3 hostile shadow creatures
 17208 | Lair:5   | XOM: draining
 17372 | Lair:5   | XOM: give mutation
 17372 | Lair:5   | Gained mutation: You have sharp toenails. [Xom's grace]
 17380 | Lair:5   | XOM: noise
 17457 | Lair:5   | XOM: cast spell 'Discord'
 17481 | Lair:5   | XOM: scenery: summon butterflies
 17484 | Lair:5   | XOM: enchant monster (good)
 17531 | Lair:5   | Upgraded the game from 0.27-a0-1308-gc08437e49b to
                  | 0.27-a0-1312-g5cdb2b3542
 17577 | Lair:5   | XOM: polymorph black mamba -> yaktaur
 17604 | Lair:5   | XOM: divination: magic mapping
 17609 | Lair:5   | XOM: summons 4 hostile shadow creatures
 17610 | Lair:5   | Noticed a seven-headed hydra
 17619 | Lair:5   | Noticed a catoblepas
 17793 | D:10     | Entered Level 10 of the Dungeon
 17854 | D:10     | XOM: blink monster(s)
 17862 | D:10     | XOM: cleaving
 17962 | D:9      | XOM: confuse monster(s)
 17982 | D:9      | Killed a 16-headed hydra
 17983 | D:9      | Reached XP level 13. HP: 64/111 MP: 3/17
 18054 | D:9      | XOM: give mutations
 18054 | D:9      | Gained mutation: Your body sometimes deteriorates upon
                  | taking damage. [Xom's mischief]
 18054 | D:9      | Lost mutation: You possess an exceptional clarity of mind.
                  | [Xom's mischief]
 18054 | D:9      | Gained mutation: You are clumsy. (Dex -2) [Xom's mischief]
 18054 | D:9      | Lost mutation: Your muscles are strong. (Str +2) [Xom's
                  | mischief]
 18549 | D:10     | Noticed lunkers's ghost (journeyman FoEE)
 18549 | D:10     | Noticed a lich
 18604 | D:10     | Reached skill level 1 in Slings
 18681 | D:10     | XOM: silly message
 18728 | D:10     | Found a runed translucent door.
 18728 | D:10     | Noticed a frost giant
 18735 | D:10     | Found a runed translucent door.
 19057 | D:11     | XOM: enchant monster (bad)
 19065 | D:11     | XOM: swap monsters
 19101 | D:11     | Found Yqetwy's General Store.
 19213 | D:11     | Found a staircase to the Orcish Mines.
 19250 | D:11     | XOM: silly message
 19290 | D:11     | XOM: give mutations
 19290 | D:11     | Lost mutation: You are somewhat resistant to both further
                  | mutation and mutation removal. [Xom's mischief]
 19290 | D:11     | Gained mutation: You sometimes lose the ability to read
                  | scrolls when taking damage. [Xom's mischief]
 19449 | D:11     | XOM: silly message
 19511 | D:11     | XOM: silly message
 19618 | D:11     | XOM: divination: detect creatures
 19974 | D:12     | Found a portal to a secret trove of treasure.
 19984 | Trove    | Entered a treasure trove
 20065 | D:12     | XOM: blink monster(s)
 20242 | D:12     | XOM: swap monsters
 20249 | D:12     | Reached skill level 5 in Slings
 20324 | D:12     | XOM: 2-stop teleportation journey
 20352 | D:12     | XOM: blink monster(s)
 20489 | D:12     | Upgraded the game from 0.27-a0-1312-g5cdb2b3542 to
                  | 0.27-a0-1319-geec4fb4e21
 20597 | Orc:1    | Entered Level 1 of the Orcish Mines
 20597 | Orc:1    | Noticed an orc warlord
 20645 | D:11     | XOM: swap monsters
 20652 | D:11     | Killed an orc warlord
 20652 | D:11     | HP: 3/103 [something/bolt of negative energy[an orc
                  | warlord] (10)]
 21006 | Orc:1    | Found Yvus's Armour Emporium.
 21010 | Orc:1    | Bought a +2 buckler of protection for 322 gold pieces
 21155 | Orc:2    | Entered Level 2 of the Orcish Mines
 21178 | Orc:2    | Found a radiant altar of Vehumet.
 21264 | Orc:1    | XOM: swap monsters
 21264 | Orc:1    | Noticed an ettin
 21266 | Orc:1    | XOM: chaos upgrade
 21281 | Orc:2    | XOM: 6-stop teleportation journey
 21319 | Orc:2    | XOM: swap monsters
 21325 | Orc:2    | Killed an ettin
 21329 | Orc:2    | Found a staircase to the Elven Halls.
 21329 | Orc:2    | XOM: 4-stop teleportation journey
 21377 | Orc:2    | Found Pestryk's Antique Weapon Shoppe.
 21378 | Orc:2    | XOM: blink monster(s)
 21379 | Orc:2    | XOM: polymorph orc wizard -> worm
 21384 | Orc:2    | XOM: polymorph orc wizard -> howler monkey
 21388 | Orc:2    | Found Bokk's Magic Scroll Boutique.
 21393 | Orc:2    | XOM: cast spell 'Alistair's Intoxication'
 21399 | Orc:2    | XOM: cleaving
 21427 | Orc:2    | XOM: confusion
 21428 | Orc:2    | XOM: noise
 21447 | Orc:2    | XOM: give mutations
 21447 | Orc:2    | Gained mutation: Your body often deteriorates upon taking
                  | damage. [Xom's mischief]
 21447 | Orc:2    | Gained mutation: You are dopey. (Int -2) [Xom's mischief]
 21447 | Orc:2    | Gained mutation: Potions are less effective at restoring
                  | your health. [Xom's mischief]
 21447 | Orc:2    | Lost mutation: You expend magic power (3 MP) to strengthen
                  | your wands. [Xom's mischief]
 21458 | Orc:2    | XOM: enchant monster (good)
 21649 | Orc:2    | Reached skill level 15 in Axes
 21705 | Orc:2    | XOM: enchant monster (good)
 21739 | Orc:2    | Found Emosot's Armour Boutique.
 21751 | Orc:2    | Found Raec's Antique Weapon Shoppe.
 21761 | Orc:2    | XOM: divination: magic mapping
 21778 | Orc:2    | XOM: 3-stop teleportation journey
 21826 | Orc:2    | XOM: god gift: potion of brilliance
 21843 | Orc:2    | Bought a scarf of resistance for 512 gold pieces
 22070 | Orc:2    | XOM: summons 7 hostile demons
 22100 | Orc:2    | XOM: divination: magic mapping
 22267 | Orc:1    | XOM: cleaving
 22268 | Orc:1    | Noticed Fannar
 22270 | Orc:1    | XOM: divination: detect items
 22271 | Orc:1    | Paralysed by an orc sorcerer for 4 turns
 22273 | Orc:1    | Slain by an orc warrior

Illustrated notes

Levels and vault maps discovered:
D:1:      psy_arrival_terrarium, layout_basic
D:2:      layout_basic, basic_ecumenical_altar, uniq_sigmund
D:3:      layout_loops_ring, hex_medium, uniq_natasha, uniq_robin
D:4:      layout_loops_ring, amcnicky_altar_gilded,
          minmay_temple_entry_enclosed_plants, chequers_avenue
D:5:      layout_cave_pods, nicolae_yredelemnul_ghost_church
D:6:      layout_cave_pools, zin_purify, serial_shops, shop_fountains,
          kennysheep_generic_room_5
D:7:      layout_gridville, kennysheep_mini, corexii_leaking_fountain,
          grunt_livestock
D:8:      minmay_gate_of_8, layout_basic, enter_bailey_5, abandoned_shop
D:9:      layout_gridville, general_overflow_altar, minitemple,
          due_lair_maze_entry_diamond
D:10:     layout_roguey, muffindrake_ghost_dual_entry
D:11:     layout_cave_pools, david_orc_1_choice, serial_shops, shop
D:12:     layout_roguey, enter_trove_0
Lair:1:   layout_cellular_growth, minivault_23
Lair:2:   layout_cave_pods, swamp_mist, grunt_forest_small_clearing_treed,
          grunt_megastairs_5, infiniplex_staircase_pool
Lair:3:   layout_cave_pods, dummy_snake_entry
Lair:4:   layout_loops_ring, lemuel_fruit_fields, uniq_kirke
Lair:5:   layout_gridlike, slime_altar_1, minmay_lair_oklob_chamber
Orc:1:    layout_caves, serial_shops, shop_statue, minmay_orc_temple_c,
          uniq_fannar
Orc:2:    st_orc_town, layout_diamond_mine, basic_altar

Skill      XL: |  1  2  3  4  5  6  7  8  9 10 11 12 13 |
---------------+----------------------------------------+-----
Axes           | 4 6 7 11 13 14 15 | 15.1
Dodging        | 4 8 10 11 | 11.0
Spellcasting   | 1 3 |  3.1
Shields        | 4 |  4.0
Transmutations | 6 7 |  7.0
Fighting       | 4 5 9 |  9.2
Evocations     | 5 |  5.0
Slings         | 7 |  7.1

Action                   |  1- 3 |  4- 6 |  7- 9 | 10-12 | 13-15 || total
-------------------------+-------+-------+-------+-------+-------++-------
Melee: Hand axe          |    83 |   161 |   402 |   904 |   309 ||  1859
       Tailslap          |     4 |    14 |    58 |   152 |    63 ||   291
       Kick              |       |       |     6 |    21 |     7 ||    34
       Headbutt          |       |       |    14 |    13 |     4 ||    31
       Broad axe         |       |       |       |       |   216 ||   216
 Fire: Fustibalus        |       |       |       |     1 |    25 ||    26
Throw: Dart              |       |       |     5 |    13 |       ||    18
 Cast: Beastly Appendage |       |       |     1 |     3 |     2 ||     6
       Wereblood         |       |       |       |     6 |     6 ||    12
 Abil: Breathe Steam     |       |       |     3 |     4 |     2 ||     9
Evoke: Wand              |       |     3 |     1 |    43 |     5 ||    52
  Use: Potion            |     2 |     1 |       |     2 |     6 ||    11
       Scroll            |     1 |       |    16 |     9 |    10 ||    36
 Stab: Paralysed         |     1 |       |       |     7 |     4 ||    12
       Confused          |     1 |       |     5 |     8 |     2 ||    16
       Sleeping          |       |     1 |     1 |     5 |     4 ||    11
       Distracted        |       |       |     1 |     5 |       ||     6
       Invisible         |       |       |       |     2 |    11 ||    13
       Betrayed ally     |       |       |       |     1 |       ||     1
       Petrified         |       |       |       |       |     6 ||     6
Armor: Skin              |    23 |    48 |    96 |   250 |   159 ||   576
Dodge: Dodged            |    51 |    84 |   208 |   457 |   284 ||  1084
Block: Buckler           |       |       |    64 |   277 |   272 ||   613

Table legend: (Time is in decaauts)
 A = Elapsed time spent in this place.
 B = Non-inter-level travel time spent in this place.
 C = Inter-level travel time spent in this place.
 D = Time resting spent in this place.
 E = Time spent auto-exploring this place.
 F = Levels seen in this place.
 G = Mean time per level.
                   A        B        C        D        E       F      G
               +--------+--------+--------+--------+--------+-----+--------+
         Total |  21799 |  19931 |   1868 |   4362 |   8148 |  20 | 1089.9 |
       Dungeon |  14110 |  13049 |   1061 |   3304 |   5080 |  12 | 1175.8 |
          Lair |   6149 |   5397 |    752 |    845 |   2391 |   5 | 1229.8 |
  Orcish Mines |   1478 |   1423 |     55 |    212 |    677 |   2 |  739.0 |
         Trove |     60 |     60 |      0 |      0 |      0 |   1 |   60.0 |
               +--------+--------+--------+--------+--------+-----+--------+

Top non-repeatable levels by time:
     D:4: 1887 daAuts
     D:7: 1782 daAuts
  Lair:3: 1672 daAuts
  Lair:1: 1594 daAuts
     D:3: 1371 daAuts
     D:2: 1371 daAuts
  Lair:2: 1300 daAuts
     D:9: 1285 daAuts
     D:8: 1241 daAuts
  Lair:4: 1205 daAuts
     D:5: 1142 daAuts
   Orc:2: 1027 daAuts
     D:1: 1012 daAuts
    D:11: 907 daAuts
    D:10: 828 daAuts
